 Dungeon Crawl Stone Soup version 0.22-a0-348-gd16d1391c7 (webtiles) character file.

119 Laan the Magician (level 4, -4/24 HPs)
             Began as a Deep Elf Fire Elementalist on Apr 7, 2018.
             Killed by divine providence
             ... invoked by an orc priest
              (14 damage)
             ... on level 2 of the Dungeon.
             The game lasted 00:04:20 (2163 turns).

Laan the Magician (Deep Elf Fire Elementalist)      Turns: 2163, Time: 00:04:20

Health: -4/24      AC:  3    Str:  5    XL:     4   Next: 73%
Magic:  6/12       EV: 13    Int: 21    God:
Gold:   92         SH:  0    Dex: 15    Spells: 8/12 levels left

rFire    . . .     SeeInvis .   d - +0 short sword
rCold    . . .     Gourm    .   (no shield)
rNeg     . . .     Faith    .   a - +0 robe
rPois    .         Spirit   .   (no helmet)
rElec    .         Reflect  .   (no cloak)
rCorr    .         Harm     .   (no gloves)
MR       .....                  b - +0 pair of boots
Stlth    ++........             (no amulet)
HPRegen  0.08/turn              (no ring)
MPRegen  0.13/turn              (no ring)

@: no status effects
A: no striking features
a: no special abilities


You were on level 2 of the Dungeon.
You were not hungry.

You visited 1 branch of the dungeon, and saw 2 of its levels.

You collected 92 gold pieces.

Inventory:

Hand Weapons
 d - a +0 short sword (weapon)
Armour
 a - a +0 robe (worn)
 b - a +0 pair of boots (worn)
Jewellery
 l - an uncursed ring of poison resistance {unknown}
Scrolls
 h - 2 scrolls of remove curse {unknown}
 i - 2 scrolls of immolation {unknown}
 n - a scroll of identify {unknown}
 o - a scroll of amnesia {unknown}
 p - a scroll of magic mapping {unknown}
 q - a scroll of blinking {unknown}
Potions
 e - a potion of invisibility {unknown}
 g - a potion of agility {unknown}
 j - a potion of brilliance {unknown}
 k - 2 potions of mutation {unknown}
 m - a potion of curing {unknown}
Comestibles
 c - 5 rations
 f - 4 chunks of flesh


   Skills:
 - Level 2.4 Dodging
 - Level 2.4 Stealth
 + Level 4.5 Spellcasting
 * Level 4.2 Conjurations
 - Level 3.2 Fire Magic


You had 8 spell levels left.
You knew the following spells:

 Your Spells              Type           Power        Failure   Level  Hunger
a - Flame Tongue          Conj/Fire      ###..        2%          1    None
b - Conjure Flame         Conj/Fire      ###.....     7%          3    ##.....


Dungeon Overview and Level Annotations

Branches:
Dungeon (2/15)

Altars:
Gozag


Message History

Casting: Flame Tongue (safe; 2% risk of failure)
Confirm with . or Enter, or press ? or * to list all spells.
Aiming: Flame Tongue (safe; 2% risk of failure)
Press: ? - help, Shift-Dir - straight line, f - orc priest
Aim: an orc priest, wielding a club and wearing a leather armour The flame tongue hits the orc priest.
The orc priest is severely wounded.
The orc priest completely misses you.
Casting: Flame Tongue (safe; 2% risk of failure)
Confirm with . or Enter, or press ? or * to list all spells.
Aiming: Flame Tongue (safe; 2% risk of failure)
Press: ? - help, Shift-Dir - straight line, f/p - orc priest
Aim: an orc priest, wielding a club and wearing a leather armour (severely wounded)
The flame tongue hits the orc priest.
The orc priest is almost dead.
The orc priest hits you with a club.
The orc priest calls down the wrath of Beogh upon you.
Beogh smites you!
Ouch! That really hurt!
You die...

#......####.# .# #.#
#.####......# #.# #..#####
#.# #..# #.#. #.# #..#####
#..# #)# #......# #... #.#
#..###.# #..# #.# #..# #.#
#..# ####.# #@## #.# #..#
########....#
#.####.###..#####.
......##.####
#.oo.s.......[os..
#####.##.#
###.##.###)#####.# ###
#>##.### #.##.# #.#
..###......# #.##.###.#
...........#######.##s..o.#
..##...............#####..#
#####).....#######.# #..#


You could see an orc priest.

Vanquished Creatures
  An orc wizard (D:2)
  3 adders (D:2)
  An ooze (D:1)
  3 dart slugs (D:1)
  2 leopard geckos (D:1)
  An orc (D:2)
  A giant cockroach (D:1)
  3 goblins
  4 hobgoblins
  7 jackals
  5 kobolds
  3 quokkas (D:2)
  2 ball pythons
  4 bats
  4 frilled lizards
  4 rats
48 creatures vanquished.

Notes
Turn   | Place    | Note
-------+----------+-------------------------------------------
     0 | D:1      | Laan the Deep Elf Fire Elementalist began the quest for the Orb.
     0 | D:1      | Reached XP level 1. HP: 10/10 MP: 6/6
   181 | D:1      | Reached XP level 2. HP: 15/15 MP: 4/8
  1110 | D:1      | Reached XP level 3. HP: 19/19 MP: 6/10
  1458 | D:1      | Learned a level 3 spell: Conjure Flame
  1546 | D:2      | Found an opulent altar of Gozag.
  1808 | D:2      | Reached XP level 4. HP: 17/24 MP: 0/12
  2163 | D:2      | Killed from afar by an orc priest

Vault maps used:
D:1:      dpeg_arrival_long_road, serial_corexii_hall, corexii_hall_statues_l,
          corexii_hall_statues_deadend, corexii_hall_statues_deadend,
          corexii_hall_statues_x
D:2:      nicolae_gozag_seed_capital, kennysheep_nondescript

Skill      XL: |  1  2  3  4 |
---------------+-------------+-----
Conjurations   | 2 3 4 |  4.2
Spellcasting   | 4 |  4.5
Dodging        | |  2.4
Stealth        | |  2.4
Fire Magic     | |  3.2

Action                   |  1- 3 |  4- 6 || total
-------------------------+-------+-------++-------
Melee: Short sword       |     8 |     1 ||     9
 Cast: Flame Tongue      |    66 |    19 ||    85
  Eat: Chunk             |     3 |     1 ||     4
Armor: Robe              |     4 |     3 ||     7
Dodge: Dodged            |    25 |     3 ||    28

Table legend:
 A = Spawn XP
 B = Non-spawn XP
 C = Spawn XP percentage of total XP
 D = Spawn monster count
 E = Non-spawn monster count
 F = Spawn count percentage of total count
 G = Total turns spent on level
                    A         B        C        D         E        F      G
               +---------+---------+-------+---------+---------+-------+---------
         Total |       0 |     170 |   0.0 |       0 |      48 |   0.0 |  2163
               +---------+---------+-------+---------+---------+-------+---------
           D:1 |       0 |      55 |   0.0 |       0 |      25 |   0.0 |  1459
           D:2 |       0 |     115 |   0.0 |       0 |      23 |   0.0 |   704
               +---------+---------+-------+---------+---------+-------+---------
